 Dungeon Crawl Stone Soup version 0.29-a0-721-g7f417c9bbb (webtiles) character file.

Game seed: 11437333135969373231

156 hquester1 the Trooper (level 5, -7/47 HPs)
             Began as a Minotaur Fighter on June 27, 2022.
             Mangled by a small abomination (13 damage)
             ... on level 3 of the Dungeon.
             The game lasted 00:06:28 (2408 turns).

hquester1 the Trooper (Minotaur Fighter)            Turns: 2408, Time: 00:06:29

Health: -7/47      AC:  7    Str: 20    XL:     5   Next: 14%
Magic:  4/4        EV: 10    Int:  5    God:
Gold:   177        SH:  5    Dex: 12    Spells: 4/4 levels left

rFire   . . .      SeeInvis .   a - +0 flail
rCold   . . .      Faith    .   c - +0 buckler
rNeg    . . .      Spirit   .   b - +0 scale mail
rPois   .          Reflect  .   (helmet restricted)
rElec   .          Harm     .   (no cloak)
rCorr   .          Rampage  .   (no gloves)
Will    .....                   (no boots)
Stlth   ..........              (no amulet)
HPRegen 0.15/turn               (no ring)
MPRegen 0.09/turn               (no ring)

@: no status effects
A: horns 2, retaliatory headbutt
a: no special abilities


You were on level 3 of the Dungeon.
You visited 1 branch of the dungeon, and saw 3 of its levels.

You collected 177 gold pieces.

Inventory:

Hand Weapons
 a - a +0 flail (weapon)
Armour
 b - a +0 scale mail (worn)
 c - a +0 buckler (worn)
Wands
 w - a wand of flame (11)
Scrolls
 e - a scroll of immolation {unknown}
 f - 3 scrolls of teleportation {unknown}
 g - 2 scrolls of torment {unknown}
 i - a scroll of vulnerability {unknown}
 j - a scroll of acquirement {unknown}
 l - 4 scrolls of identify {unknown}
 m - a scroll of fear {unknown}
 o - a scroll of poison {unknown}
 s - a scroll of magic mapping {unknown}
 u - a scroll of noise {unknown}
Potions
 d - a potion of might
 h - 3 potions of lignification {unknown}
 k - 5 potions of invisibility {unknown}
 n - a potion of curing {unknown}
 p - 3 potions of brilliance {unknown}
 q - a potion of heal wounds {unknown}
 r - a potion of haste {unknown}
 t - 2 potions of mutation {unknown}
 v - a potion of flight {unknown}
 x - a potion of magic {unknown}


   Skills:
 + Level 4.5 Fighting
 + Level 3.6 Maces & Flails
 + Level 4.5 Armour
 + Level 2.1 Dodging
 + Level 4.5 Shields


You had 4 spell levels left.
You didn't know any spells.
Your spell library was empty.

Dungeon Overview and Level Annotations

Branches:
Dungeon (3/15)

Altars:

Shops:
D:2 [

Portals:
Abyss: D:3

Annotations:
D:3 1 transporter, zhov's ghost, amateur SpAM


Innate Abilities, Weirdness & Mutations

You have a pair of horns on your head.
You reflexively headbutt those who attack you in melee.


Message History

You see here a jackal corpse.
You see here an orb of wrath.
You see here an orb of wrath.
y - an orb of wrath You drop an orb of wrath.
You see here a staff of fire.
You see here an orb of wrath.
You open the door.
There is an open door here.
There is a stone staircase leading down here.
There is a stone staircase leading down here.
You open the door.
There is an open door here.
There is a transporter here.
Partly explored, unvisited transporter.
There is a transporter here.
Zhov's ghost turns its malevolent gaze towards you.
The crimson imp lashes its tail.
There is a transporter here.
You enter the transporter and appear at another place.
Unknown command.
You barely miss the small abomination. The small abomination hits you. x2
You hit the small abomination. You headbutt the small abomination.
The small abomination is lightly damaged.
You block the small abomination's attack.
The small abomination barely misses you.
You hit the small abomination.
Your headbutt misses the small abomination.
The small abomination is moderately damaged.
The small abomination hits you. The small abomination hits you!
You hit the small abomination.
The small abomination is moderately damaged.
The small abomination hits you!
* * * LOW HITPOINT WARNING * * *
The small abomination closely misses you.
You furiously retaliate!
You headbutt the small abomination. You thump the small abomination!
The small abomination is almost destroyed.
The small abomination hits you!
You die...

# #..........####.......###.....
#####...###...#..###...###.##..##
........).....##...##©.#.#..#...'
#######...#....#.:..####...##..##
#.).#...##.##..W.. .##.....
##.....##.#.#.#..^.##......
#.....#©..##...#..#.......
#.....##..#.###..∩###.....
#......##@.##.###.. ##....
#......##x.#....##.#.#....
#.....##.^.###...##..#....
#.....#..##..##..##.##....
####..##.).#.5#©.#..#.....
#...####..##..##©#.....
#......####....###...##
#.......##...........#
#....................#


You could see a small abomination.

Vanquished Creatures
  Ijyb (D:3)
  Jessica (D:3)
  2 adders (D:3)
  A worm (D:2)
  2 dart slugs
  5 endoplasms
  6 giant cockroaches
  6 goblins
  3 hobgoblins
  14 jackals
  5 kobolds
  7 quokkas
  A ball python (D:1)
  8 bats
  2 frilled lizards (D:1)
  3 rats
67 creatures vanquished.

Notes
Turn   | Place    | Note
-------+----------+-------------------------------------------
     0 | D:1      | hquester1 the Minotaur Fighter began the quest for the Orb.
     0 | D:1      | Reached XP level 1. HP: 19/19 MP: 0/0
   137 | D:1      | Reached XP level 2. HP: 15/27 MP: 1/1
   655 | D:1      | Reached skill level 1 in Dodging
   739 | D:1      | Reached XP level 3. HP: 33/33 MP: 2/2
  1142 | D:2      | Found a faded altar of an unknown god.
  1504 | D:2      | Found Uduloam's Antique Armour Emporium.
  1664 | D:3      | Reached XP level 4. HP: 40/40 MP: 3/3
  2026 | D:3      | Found a one-way gate to the infinite horrors of the Abyss.
  2026 | D:3      | Noticed zhov's ghost (amateur SpAM)
  2046 | D:3      | Found a transporter.
  2047 | D:3      | Found a transporter.
  2048 | D:3      | Noticed a small abomination
  2050 | D:3      | Noticed Ijyb
  2061 | D:3      | Killed Ijyb
  2105 | D:3      | Noticed Jessica
  2113 | D:3      | Killed Jessica
  2114 | D:3      | Reached XP level 5. HP: 47/47 MP: 4/4
  2408 | D:3      | Mangled by a small abomination

Illustrated notes

Levels and vault maps discovered:
D:1:      minmay_arrival_wavy_path, layout_basic, minmay_tetromino_l4
D:2:      layout_rooms, serial_shops, nicolae_square_shop,
          ebering_ecumenical_altar_abandoned, hex_medium
D:3:      layout_basic, gammafunk_ghost_abyssal_escape, uniq_ijyb, uniq_jessica

Skill      XL: |  1  2  3  4 |
---------------+-------------+-----
Dodging        | 1 2 |  2.1
Shields        | 4 |  4.5
Fighting       | 4 |  4.5
Armour         | 4 |  4.5
Maces & Flails | 3 |  3.6

Action                   |  1- 3 |  4- 6 || total
-------------------------+-------+-------++-------
Melee: Flail             |   119 |    41 ||   160
       Headbutt          |    13 |     8 ||    21
Armor: Scale mail        |    73 |    15 ||    88
Dodge: Dodged            |    60 |    20 ||    80
Block: Buckler           |    34 |    11 ||    45

Table legend: (Time is in decaauts)
 A = Elapsed time spent in this place.
 B = Non-inter-level travel time spent in this place.
 C = Inter-level travel time spent in this place.
 D = Time resting spent in this place.
 E = Time spent auto-exploring this place.
 F = Levels seen in this place.
 G = Mean time per level.
                   A        B        C        D        E       F      G
               +--------+--------+--------+--------+--------+-----+--------+
         Total |   2460 |   2414 |     46 |      0 |   1705 |   3 |  820.0 |
       Dungeon |   2460 |   2414 |     46 |      0 |   1705 |   3 |  820.0 |
               +--------+--------+--------+--------+--------+-----+--------+

Top non-repeatable levels by time:
     D:1: 1046 daAuts
     D:3: 771 daAuts
     D:2: 642 daAuts
